 Dungeon Crawl Stone Soup version 0.19.0-11-g3fc08b3 (console) character file.

54 HyperMorgan the Firebug (level 3, -4/19 HPs)
             Began as a Deep Elf Fire Elementalist on Nov 8, 2016.
             Shot with a stone by a goblin (9 damage)
             ... led by Robin
             ... on level 2 of the Dungeon.
             The game lasted 00:05:36 (1765 turns).

HyperMorgan the Firebug (DEFE)                      Turns: 1765, Time: 00:05:38

Health: -4/19      AC:  2    Str:  5    XL:     3   Next: 66%
Magic:  3/10       EV: 13    Int: 24    God:
Gold:   39         SH:  0    Dex: 15    Spells: 3 memorised, 4 levels left

rFire  . . .     SeeInvis .     k - +0 dagger
rCold  . . .     Gourm    .     a - +0 robe
rNeg   . . .     Faith    .     (no shield)
rPois  .         Spirit   .     (no helmet)
rElec  .         Reflect  .     (no cloak)
rCorr  .         Harm     .     (no gloves)
MR     .....                    (no boots)
Stlth  ++........               (no amulet)
                                (no ring)
                                o - +4 ring of intelligence

@: no status effects
A: no striking features
a: no special abilities


You were on level 2 of the Dungeon.
You were hungry.

You visited 1 branch of the dungeon, and saw 2 of its levels.

You collected 39 gold pieces.

Inventory:

Hand Weapons
 k - a +0 dagger (weapon)
Armour
 a - a +0 robe (worn)
Jewellery
 o - a +4 ring of intelligence (left hand)
Scrolls
 e - a scroll of immolation {unknown}
 h - 2 scrolls of recharging {unknown}
 j - a scroll of blinking {unknown}
 l - a scroll of random uselessness {unknown}
 m - a scroll of teleportation {unknown}
 n - a scroll of enchant armour {unknown}
Potions
 f - a potion of flight {unknown}
 i - a potion of cure mutation {unknown}
Books
 b - a book of Flames

   Spells                             Type                      Level
   a - Flame Tongue                   Conjuration/Fire             1
   b - Throw Flame                    Conjuration/Fire             2
   c - Conjure Flame                  Conjuration/Fire             3
   d - Inner Flame                    Hexes/Fire                   3
   e - Sticky Flame                   Conjuration/Fire             4
   f - Fireball                       Conjuration/Fire             5
Comestibles
 c - 3 bread rations
 d - 3 meat rations
 g - a beef jerky
 p - 9 chunks of flesh


   Skills:
 - Level 2.4 Dodging
 - Level 2.4 Stealth
 + Level 4.0 Spellcasting
 + Level 2.1 Conjurations
 + Level 4.1 Fire Magic


You had 4 spell levels left.
You knew the following spells:

 Your Spells              Type           Power        Failure   Level  Hunger
a - Flame Tongue          Conj/Fire      ###..        2%          1    None
b - Throw Flame           Conj/Fire      ###...       4%          2    #......
c - Conjure Flame         Conj/Fire      ###.....     10%         3    ##.....


Dungeon Overview and Level Annotations

Branches:
Dungeon (2/15)

Altars:

Annotations:
D:2 Robin


Message History

The stone hits you.
You see here a stone.
Robin throws the goblin at you!
The goblin unwields an uncursed hunting sling.
The goblin wields an uncursed dagger of protection.
The goblin barely misses you.
Robin says, "My goblins will feast on your bones."
The goblin no longer looks unusually strong.
The goblin unwields an uncursed dagger of protection.
The goblin wields an uncursed hunting sling.
The goblin shoots a stone.
The stone closely misses you. Robin throws the goblin at you!
You see here a club.
You are feeling hungry.
The goblin barely misses you.
There is an open gate here.
The goblin completely misses you.
The goblin no longer looks unusually strong.
The goblin shoots a stone.
The stone hits you!
You die...

▒∙▒ ▒▒▒∙∙∙∙∙∙∙∙∙∙∙▒▒≈≈≈≈≈≈≈≈≈≈≈≈≈
▒∙▒ ▒▒▒∙▒∙▒▒▒▒▒▒▒▒▒≈≈≈∙∙∙∙∙∙∙∙∙▒
▒∙ ▒▒∙∙ ▒∙∙∙▒▒ ▒≈≈∙∙∙∙∙∙∙∙∙∙▒
▒∙∙▒▒▒▒▒∙∙▒ ▒≈≈∙∙▒▒▒▒▒∙∙∙▒ ▒
▒∙∙∙∙▒∙∙∙∙▒ ▒▒≈≈∙∙▒∙∙∙▒▒▒▒▒
▒∙▒▒∙▒▒∙▒∙▒▒∙▒ ▒≈≈≈)∙'∙∙∙'∙∙▒
▒∙∙∙∙)∙∙∙∙▒▒∙▒ ▒▒≈≈≈∙∙▒∙∙∙▒∙∙▒g∙
▒▒▒▒∙▒▒▒▒▒▒▒∙▒▒▒▒≈≈▒▒▒▒▒▒▒▒▒∙∙▒g∙
▒∙▒ ▒∙(%)e≈≈▒∙∙∙∙(∙∙∙∙∙▒g∙
▒∙▒▒▒▒▒▒▒∙▒▒▒(g∙g∙)∙∙∙∙(∙∙∙▒∙∙
▒∙∙∙∙∙∙∙∙∙▒ ▒∙g(')g∙∙∙∙∙(∙∙▒∙g
▒▒▒▒▒▒▒▒▒▒▒ ▒∙∙∙(∙∙∙∙∙∙∙∙?∙▒∙∙
▒▒≈≈▒∙∙∙∙∙∙∙∙∙∙▒∙∙
▒≈≈▒▒▒▒▒▒▒▒▒)∙▒▒'
▒▒≈≈≈∙∙▒∙∙∙▒∙∙)%∙
▒≈≈≈∙∙'∙)∙'∙∙∙∙∙ ▒▒≈≈∙∙▒∙∙∙▒∙∙∙∙∙


You could see Robin and 3 goblins.

Vanquished Creatures
  2 dart slugs (D:1)
  A leopard gecko (D:1)
  14 goblins
  3 hobgoblins (D:1)
  7 jackals
  5 kobolds
  A quokka (D:2)
  5 bats (D:1)
  4 frilled lizards
  4 rats (D:1)
46 creatures vanquished.

Notes
Turn   | Place    | Note
-------+----------+-------------------------------------------
     0 | D:1      | HyperMorgan the Deep Elf Fire Elementalist began the quest for the Orb.
     0 | D:1      | Reached XP level 1. HP: 10/10 MP: 6/6
   427 | D:1      | Reached XP level 2. HP: 15/15 MP: 4/8
   434 | D:1      | Learned a level 2 spell: Throw Flame
  1060 | D:1      | Reached XP level 3. HP: 19/19 MP: 7/10
  1091 | D:1      | Learned a level 3 spell: Conjure Flame
  1631 | D:2      | Noticed Robin
  1765 | D:2      | Shot with a stone by a goblin

Skill      XL: |  1  2  3 |
---------------+----------+-----
Conjurations   | 2 |  2.1
Fire Magic     | 4 |  4.1
Spellcasting   | 4 |  4.0
Dodging        | |  2.4
Stealth        | |  2.4

Action                   || total
-------------------------++-------
Melee: Unarmed           ||     4
       Dagger            ||    25
 Cast: Flame Tongue      ||    72
       Throw Flame       ||     2
  Eat: Chunk             ||     2
Armor: Robe              ||    13
Dodge: Dodged            ||    61
